 Dungeon Crawl Stone Soup version 0.23-b1-13-gf37ab262a9 (webtiles) character file.

Game seed: 13849312230504983386

252 Peloso the Slasher (level 5, -8/47 HPs)
             Began as a Minotaur Fighter on Feb 3, 2019.
             Was an Initiate of Okawaru.
             Mangled by an ice beast (12 damage)
             ... on level 4 of the Dungeon.
             The game lasted 00:05:40 (3790 turns).

Peloso the Slasher (Minotaur Fighter)               Turns: 3790, Time: 00:05:41

Health: -8/47      AC: 10    Str: 20    XL:     5   Next: 89%
Magic:  4/4        EV:  6    Int:  5    God:    Okawaru [......]
Gold:   146        SH:  9    Dex: 11    Spells: 4/4 levels left

rFire    . . .     SeeInvis .   a - +0 long sword
rCold    . . .     Gourm    .   c - +0 shield
rNeg     + . .     Faith    .   m - +0 chain mail
rPois    .         Spirit   .   (helmet restricted)
rElec    .         Reflect  .   (no cloak)
rCorr    .         Harm     .   q - +0 pair of gloves
MR       .....                  (no boots)
Stlth    ..........             (no amulet)
HPRegen  0.15/turn              o - ring of stealth
MPRegen  0.09/turn              s - ring of positive energy

@: no status effects
A: retaliatory headbutt, horns 2
a: Renounce Religion


You were on level 4 of the Dungeon.
You worshipped Okawaru.
Okawaru was noncommittal.
You were not hungry.

You visited 1 branch of the dungeon, and saw 4 of its levels.

You collected 146 gold pieces.

Inventory:

Hand Weapons
 a - a +0 long sword (weapon)
Armour
 b - a +0 scale mail
 c - a +0 shield (worn)
 m - a +0 chain mail (worn)
 q - a +0 pair of gloves (worn)
Jewellery
 o - a ring of stealth (left hand)
 r - an uncursed ring of fire
 s - a ring of positive energy (right hand)
Scrolls
 e - a scroll of amnesia {unknown}
 g - 3 scrolls of remove curse {unknown}
 i - 5 scrolls of identify {unknown}
 j - a scroll of teleportation {unknown}
 t - a scroll of fear {unknown}
 v - a scroll of magic mapping {unknown}
Potions
 d - 2 potions of might
 h - 2 potions of haste {unknown}
 k - 2 potions of heal wounds {unknown}
 l - a potion of agility {unknown}
 n - 2 potions of flight {unknown}
 p - 2 potions of magic {unknown}
 u - a potion of degeneration {unknown}
Comestibles
 f - 8 rations


   Skills:
 + Level 4.4 Fighting
 + Level 5.2 Long Blades
 + Level 4.7 Armour
 + Level 1.2 Dodging
 + Level 0.4 Stealth
 + Level 4.6 Shields


You had 4 spell levels left.
You didn't know any spells.
Your spell library was empty.

Dungeon Overview and Level Annotations

Branches:
Dungeon (4/15)
 Temple: D:4-7

Altars:
Gozag
Okawaru
Ru


Innate Abilities, Weirdness & Mutations

You reflexively headbutt those who attack you in melee.
You have a pair of horns on your head.


Message History

The ice beast is heavily wounded.
The ice beast hits you. The ice beast freezes you!
You hit the ice beast.
The ice beast is severely wounded.
The ice beast hits you but does no damage.
You hit the ice beast but do no damage.
You headbutt the ice beast, but do no damage.
The ice beast is severely wounded.
The ice beast hits you but does no damage.
You block the ice beast's attack.
You hit the ice beast but do no damage. You headbutt the ice beast.
The ice beast is severely wounded.
The ice beast hits you. The ice beast freezes you!
* * * LOW HITPOINT WARNING * * *
You closely miss the ice beast.
The ice beast is severely wounded.
The ice beast hits you.
* * * LOW HITPOINT WARNING * * *
The ice beast freezes you!
You die...

#...#####.#
##.....^.###.#....##.#
#.........##......##.#
+.........+...........
#.(.......####.....#.#
#.......# #.......#
#.....# ##....###
#.Y.# #.#### #@# #.#
#.# #.# #.# #.# ##.##
#.# ##...## #.#
#....†#######.#
#.............#
#.....#########
........#


You could see an ice beast.

Vanquished Creatures
  An orc priest (D:4)
  Natasha (thrice) (D:3)
  2 adders (D:2)
  2 oozes (D:1)
  3 worms (D:2)
  2 dart slugs (D:3)
  5 leopard geckos
  7 orcs
  A ball python (D:3)
  10 bats
  9 giant cockroaches
  7 hobgoblins
  9 jackals
  13 kobolds
  3 quokkas
  4 frilled lizards
  6 goblins
  A jackal skeleton (D:4)
  5 rats
93 creatures vanquished.

Notes
Turn   | Place    | Note
-------+----------+-------------------------------------------
     0 | D:1      | Peloso the Minotaur Fighter began the quest for the Orb.
     0 | D:1      | Reached XP level 1. HP: 19/19 MP: 0/0
    73 | D:1      | Reached XP level 2. HP: 17/27 MP: 1/1
   138 | D:1      | Found an iron altar of Okawaru.
   160 | D:1      | Became a worshipper of Warmaster Okawaru
   210 | D:1      | Reached skill level 3 in Long Blades
   471 | D:1      | Reached XP level 3. HP: 30/33 MP: 2/2
  1019 | D:2      | Reached skill level 4 in Long Blades
  1019 | D:2      | Reached XP level 4. HP: 34/40 MP: 3/3
  1861 | D:3      | Noticed Natasha
  1874 | D:3      | Killed Natasha
  2182 | D:3      | Found a sacrificial altar of Ru.
  2201 | D:3      | Noticed Natasha
  2212 | D:3      | Killed Natasha
  2212 | D:3      | Reached XP level 5. HP: 6/46 MP: 4/4
  2763 | D:3      | Found an opulent altar of Gozag.
  3023 | D:3      | Noticed Natasha
  3049 | D:3      | Killed Natasha
  3049 | D:3      | Reached skill level 5 in Long Blades
  3049 | D:3      | Reached skill level 1 in Dodging
  3779 | D:4      | Noticed an ice beast
  3790 | D:4      | Mangled by an ice beast

Skill      XL: |  1  2  3  4  5 |
---------------+----------------+-----
Armour         | 4 |  4.7
Long Blades    | 3 4 5 |  5.2
Fighting       | 4 |  4.4
Shields        | 4 |  4.6
Dodging        | 1 |  1.2
Stealth        | |  0.4

Action                   |  1- 3 |  4- 6 || total
-------------------------+-------+-------++-------
Melee: Long sword        |    96 |   152 ||   248
       Headbutt          |    18 |    23 ||    41
  Eat: Chunk             |       |     9 ||     9
Armor: Scale mail        |    56 |       ||    56
       Chain mail        |       |    77 ||    77
Dodge: Dodged            |    37 |    23 ||    60
Block: Shield            |    63 |    76 ||   139
       Rpst.: Long sword |    13 |     7 ||    20
